[Event "*** Titled Tuesday Blitz"]
[Site "Chess.com"]
[Date "2020.05.05"]
[Round "7"]
[White "Astaneh"]
[Black "Xeniya2005"]
[Result "1-0"]
[WhiteElo "2511"]
[BlackElo "2280"]
[TimeControl "180+1"]
[EndTime "11:18:57 PDT"]
[Termination "Astaneh won by resignation"]

1. Nf3 d5 2. b3 c5 3. Bb2 Nc6 4. e3 Bg4 5. Bb5 Qd7 6. h3 Bxf3 7. Qxf3 Nf6 8. c4 d4 9. exd4 cxd4 10. Bxc6 bxc6 11.
Bxd4 Rd8 12. Bb2 Qe6+ 13. Qe3 Qxe3+ 14. dxe3 e6 15. Ke2 Be7 16. Rd1 O-O 17. Nc3 Bb4 18.
Rxd8 Rxd8 19. Rd1 Rxd1 20. Nxd1 Kf8 21. Bd4 a5 22. Nb2 Nd7 23. Nd3 f6 24. e4 e5 25. Be3 Ke7 26. Bd2 Bxd2 27. Kxd2 Kd6 28. Kc3 c5 29. a3 g6 30. b4 axb4+ 31. axb4 cxb4+ 32. Kxb4 Kc6 33. c5 f5 34. exf5 gxf5 35. Kc4 e4 36. Nb4+ Kc7 37. Kd5 h6 38. c6 Nb8 39.
Kc5 Kc8 40. Nd5 Na6+ 41. Kd6 h5 42. h4 Kd8 43. g3 Kc8 44. c7 Nxc7 45. Nxc7 1-0

[Event "*** Titled Tuesday Blitz"]
[Site "Chess.com"]
[Date "2020.05.05"]
[Round "7"]
[White "tamarozi99"]
[Black "Walter_White_Poland"]
[Result "0-1"]
[WhiteElo "1991"]
[BlackElo "2155"]
[TimeControl "180+1"]
[EndTime "11:18:57 PDT"]
[Termination "Walter_White_Poland won on time"]

1. e4 e5 2. Nf3 Nc6 3. Bb5 a6 4. Ba4 Nf6 5. d3 d6 6. c3 g6 7.
Nbd2 Bg7 8. Nf1 O-O 9. h3 b5 10. Bc2 d5 11. Ng3 Bb7 12. O-O Re8 13. Re1 dxe4 14. dxe4 Qe7 15. Qe2 Na5 16. a4 Nc4 17. b3 Nd6 18. Ba3 bxa4 19. b4 Bc6 20. c4 h6 21. Bb2 Nh7 22. Bxa4 Qd7 23. Bb3 Qe6 24. Qc2 Qe7 25. Ra5 Nb7 26. Ra2 Qxb4 27. Rea1 Nc5 28. Bc3 Qxb3 29. Qxb3 Nxb3 30. Rxa6 Nxa1 31.
Rxc6 Re7 32. Bb4 Rd7 33. Rc5 Nc2 34. Bc3 Nd4 35. Nxe5 Bxe5 36. Rxe5 h5 37. Rc5 h4 38. Nf1 Ne2+ 0-1

[Event "*** Titled Tuesday Blitz"]
[Site "Chess.com"]
[Date "2020.05.05"]
[Round "7"]
[White "leopato"]
[Black "Akhayan"]
[Result "0-1"]
[WhiteElo "2080"]
[BlackElo "2316"]
[TimeControl "180+1"]
[EndTime "11:18:58 PDT"]
[Termination "Akhayan won by resignation"]

1. e4 e6 2. d4 d5 3. Nc3 Nf6 4. Bg5 Be7 5. e5 Nfd7 6. h4 c5 7. Bxe7 Qxe7 8. Nb5 O-O 9. Nc7 cxd4 10.
Nxa8 f6 11. exf6 Nxf6 12. Qxd4 Nc6 13. Qa4 Ne4 14. Nf3 Qc5 15. O-O-O Nxf2 16. Bd3 Nxh1 17. Rxh1 Bd7 18. Qg4 Nb4 19. Kb1 Nxd3 20. cxd3 Rxa8 21. Ne5 Rc8 22. a3 Qc7 23. d4 Qd6 24. h5 h6 25. Rf1 Be8 26. Ng6 Bxg6+ 27. Qxg6 Qe7 28. Rc1 Rxc1+ 29. Kxc1 a6 30. Kc2 Qf7 31. Qg4 Qf5+ 32. Qxf5 exf5 33. Kd3 Kf7 34. Ke3 g5 35. hxg6+ Kxg6 36. Kf4 Kf6 37. g3 b5 38. b3 a5 39. b4 a4 40. Ke3 Kg5 41. Kf3 h5 42. Kg2 Kg4 43. Kf2 f4 44. gxf4 Kxf4 45. Kg2 Ke4 46. Kh3 Kxd4 47. Kh4 Ke3 48. Kxh5 d4 49. Kg4 d3 50.
Kf5 d2 51. Ke5 d1=Q 52. Kf5 Qh5+ 0-1

[Event "*** Titled Tuesday Blitz"]
[Site "Chess.com"]
[Date "2020.05.05"]
[Round "7"]
[White "GasconJR"]
[Black "K_A_S_T_O_R"]
[Result "0-1"]
[WhiteElo "2615"]
[BlackElo "2788"]
[TimeControl "180+1"]
[EndTime "11:19:00 PDT"]
[Termination "K_A_S_T_O_R won by resignation"]

1. d4 Nf6 2. c4 e6 3. Nf3 c5 4. Nc3 a6 5. d5 exd5 6. cxd5 d6 7. a4 g6 8. Bf4 Qe7 9. h3 Nbd7 10. e3 Bg7 11.
Be2 O-O 12. O-O Ne8 13. Bh2 f5 14. Qc2 b6 15. Rae1 Kh8 16. Nd2 Rb8 17. Nc4 Ne5 18.
Nxe5 dxe5 19. Rd1 Nd6 20. Nb1 f4 21. exf4 exf4 22. Rfe1 Qf6 23. b3 Bf5 24. Bd3 g5 25.
Na3 Qc3 26. Qxc3 Bxc3 27. Re2 b5 28. Bxf5 Nxf5 29. Nc2 Nd4 30. Nxd4 cxd4 31. Re5 h6 32. Kf1 bxa4 33. bxa4 Rfe8 34. Rxe8+ Rxe8 35. f3 Rd8 36.
Bg1 Rxd5 37. Ke2 Kg8 38. Kd3 Ra5 39. Bxd4 Bxd4 40. Kxd4 Rxa4+ 41. Ke5 Kf7 42. Rd7+ Kg6 43. Rd6+ Kh5 44. Kf5 Ra2 45. Rc6 a5 46. Ke4 Rxg2 47.
Kf5 Rg3 48. Kf6 Rxf3 49. Kg7 Rxh3 50. Rxh6+ Kg4 0-1

[Event "*** Titled Tuesday Blitz"]
[Site "Chess.com"]
[Date "2020.05.05"]
[Round "7"]
[White "FMJoseHerrera"]
[Black "albano87"]
[Result "1-0"]
[WhiteElo "2583"]
[BlackElo "2402"]
[TimeControl "180+1"]
[EndTime "11:19:00 PDT"]
[Termination "FMJoseHerrera won on time"]

1. Nf3 Nf6 2. g3 g6 3. Bg2 d5 4. d3 Bg7 5. Nc3 O-O 6. h4 h5 7.
Bg5 Nbd7 8. Qd2 c6 9. Bh6 e5 10. Bxg7 Kxg7 11. Ng5 Qe7 12. e4 Nb6 13. O-O Bg4 14. f4 dxe4 15. Ncxe4 Nxe4 16. dxe4 Qc5+ 17. Kh2 Rad8 18. Qf2 Qxf2 19. Rxf2 Nc4 20. f5 gxf5 21. exf5 Ne3 22. f6+ Kh6 23. Be4 Nd1 24. Rf1 Rd2+ 25. Kg1 Ne3 26. Rf2 Rxf2 27. Kxf2 Nd1+ 28. Ke1 Ne3 29. Kd2 Nd5 30. Rf1 Be6 31. a3 Rd8 32. c4 Nxf6+ 33. Bd3 Kg7 34. Kc3 Bg4 35. b4 Rd4 36. Re1 Nd7 37. c5 f6 38. Ne4 Kf7 39.
Nd6+ Ke6 40. Nxb7 Nb8 41. Bc4+ Ke7 42. Na5 Bf3 43. Rf1 Bd5 44. Bd3 1-0

[Event "*** Titled Tuesday Blitz"]
[Site "Chess.com"]
[Date "2020.05.05"]
[Round "7"]
[White "orkan85"]
[Black "MFBerna"]
[Result "0-1"]
[WhiteElo "2466"]
[BlackElo "2345"]
[TimeControl "180+1"]
[EndTime "11:19:00 PDT"]
[Termination "MFBerna won by resignation"]

1. e4 e5 2. Nf3 Nc6 3. Bc4 Bc5 4. O-O Nf6 5. d3 O-O 6. Re1 d6 7. c3 a6 8. a4 h6 9. h3 Ne7 10. Nbd2 Ng6 11. d4 Ba7 12. Bb3 Qe7 13. a5 c6 14.
Bc2 Be6 15. Nf1 Rad8 16. Ng3 Qc7 17. Be3 Rfe8 18. Qc1 exd4 19. cxd4 d5 20. e5 Nh7 21. Bxh6 gxh6 22. Qxh6 Qe7 23. Bxg6 fxg6 24. Qxg6+ Qg7 25. Qc2 Rf8 26. Ra3 Ng5 27. Nxg5 Qxg5 28. Ne4 dxe4 29. Rg3 Qxg3 30. fxg3 Bxd4+ 31. Kh2 Bd5 32. e6 Rf2 33. Qd1 e3 34. Qg4+ Kf8 35. h4 Rxg2+ 36. Kh3 Ke7 37.
Qxd4 Bxe6+ 38. Kxg2 Rxd4 39. Rxe3 Rd2+ 40. Kf3 Rxb2 41.
g4 Rb3 42. Rxb3 Bxb3 43. Kf4 Bc2 44. h5 Kf7 45. g5 Kg7 46. g6 Kh6 47. Ke5 Kxh5 48.
g7 Bb3 49. Kd4 Kg6 50. g8=Q+ Bxg8 51. Kc5 Kf5 52. Kb6 Bc4 0-1

[Event "*** Titled Tuesday Blitz"]
[Site "Chess.com"]
[Date "2020.05.05"]
[Round "7"]
[White "CaptainTheTT"]
[Black "dbrankovic68"]
[Result "0-1"]
[WhiteElo "2232"]
[BlackElo "2460"]
[TimeControl "180+1"]
[EndTime "11:19:00 PDT"]
[Termination "dbrankovic68 won on time"]

1. e4 c5 2. Nf3 Nc6 3. Nc3 g6 4. d4 cxd4 5. Nxd4 Bg7 6. Nde2 Nf6 7. g3 d6 8. Bg2 Rb8 9. a4 a6 10. O-O O-O 11. h3 b5 12. axb5 axb5 13. Nd5 b4 14.
Be3 b3 15. c3 Ne5 16. Nd4 Bd7 17. Qe2 Nxd5 18. exd5 Qc7 19. f4 Nc4 20. Bf2 Bb5 21. Nxb5 Rxb5 22. Ra7 Qc8 23. Rfa1 Rc5 24. Qxe7 Nxb2 25.
Bxc5 Qxc5+ 26. Kh2 Nc4 27. Ra8 Nb6 28. Rxf8+ Bxf8 29. Qe8 Qc7 30. Qc6 Qd8 31. Ra6 Nd7 32. Ra8 Qe7 33. Qb7 b2 34. Qxb2 Nc5 35. Qb8 h5 36. h4 Kg7 37. Ra7 Qf6 38. Qc7 Be7 39. Qxe7 Qxh4+ 0-1

[Event "*** Titled Tuesday Blitz"]
[Site "Chess.com"]
[Date "2020.05.05"]
[Round "7"]
[White "chesslh19"]
[Black "DonPreuss"]
[Result "1-0"]
[WhiteElo "2164"]
[BlackElo "2170"]
[TimeControl "180+1"]
[EndTime "11:19:00 PDT"]
[Termination "chesslh19 won by resignation"]

1. e4 e5 2. Nf3 d5 3. exd5 e4 4. Ne5 Qxd5 5. d4 exd3 6. Nxd3 Bd6 7. Nc3 Qf5 8. Be2 Nf6 9. O-O a6 10. Bf3 Nc6 11. Re1+ Be6 12. Ne4 O-O 13. Nxd6 cxd6 14. Nf4 Rad8 15. Nxe6 fxe6 16. c3 Ne5 17. Bxb7 d5 18.
Bxa6 Ne4 19. f3 Ng5 20. f4 Ng4 21. Be2 Nxh2 22. Kxh2 Ne4 23. Bg4 Qg6 24. Qf3 Rf6 25. Qh3 Rdf8 26. Be3 Qf7 27. Qf3 Rh6+ 28. Kg1 Rg6 29. Bh3 Qf6 30. Rf1 Rg3 31. Qh5 g6 32. Qe5 Qh4 33. Bxe6+ Rf7 34. Bxf7+ Kxf7 35. Qxd5+ Kg7 36.
Qe5+ Kh6 37. Qxe4 Qg4 38. f5+ g5 39. Qxg4 Rxg4 40. f6 Rf4 41. Bxf4 gxf4 42. Rxf4 1-0

[Event "*** Titled Tuesday Blitz"]
[Site "Chess.com"]
[Date "2020.05.05"]
[Round "7"]
[White "szefru"]
[Black "chiwii"]
[Result "0-1"]
[WhiteElo "2085"]
[BlackElo "2251"]
[TimeControl "180+1"]
[EndTime "11:19:00 PDT"]
[Termination "chiwii won by resignation"]

1. e4 c5 2. Nf3 e6 3. b3 d5 4. exd5 exd5 5. Bb5+ Bd7 6. Bxd7+ Nxd7 7. O-O Ngf6 8. Re1+ Be7 9. Qe2 Nf8 10. d4 Ne6 11. dxc5 O-O 12. b4 a5 13. c3 Ne4 14. Bb2 Re8 15.
Nbd2 Nf4 16. Qf1 Bh4 17. g3 Ng6 18. Nxe4 dxe4 19. Nxh4 Nxh4 20. gxh4 Qxh4 21. Re3 Re6 22. Rg3 axb4 23. cxb4 Rg6 24. Qg2 Raa6 25. a4 Rxg3 26. hxg3 Qg4 27. b5 Rh6 28. Bc1 Qd1+ 29. Qf1 Rh1+ 30.
Kxh1 Qxf1+ 31. Kh2 Qxf2+ 32. Kh3 Qf1+ 33. Kh2 Qe2+ 34.
Kh3 Qh5+ 35. Kg2 Qxc5 36. Bf4 g5 37. Rc1 Qf5 38. Bd2 Qf3+ 39. Kh3 e3 40. Bxe3 Qxe3 41. Rc7 h5 42. Rxb7 h4 43. Rb8+ Kg7 44. Kg4 Qxg3+ 45. Kh5 Qxb8 46. Kxg5 h3 0-1

[Event "*** Titled Tuesday Blitz"]
[Site "Chess.com"]
[Date "2020.05.05"]
[Round "7"]
[White "Bagirova"]
[Black "warmoatmeal"]
[Result "1-0"]
[WhiteElo "2192"]
[BlackElo "2026"]
[TimeControl "180+1"]
[EndTime "11:19:00 PDT"]
[Termination "Bagirova won on time"]

1. d4 Nf6 2. Nf3 d5 3. Bf4 c5 4. e3 Nc6 5. c3 Qb6 6. Qb3 c4 7. Qxb6 axb6 8. Na3 Bf5 9. Nb5 Kd7 10. Be2 e6 11. h3 Be7 12. O-O Rhc8 13. a4 Ra5 14.
Ra2 Rca8 15. Rfa1 Ne8 16. Bd1 Nd6 17. Bxd6 Bxd6 18. Nd2 Be7 19. f3 Bg6 20. Kf2 h5 21.
g3 f6 22. e4 Bd6 23. Bc2 Bc7 24. Nf1 Ne7 25. Ne3 dxe4 26. fxe4 e5 27. Nxc4 R5a6 28. Rd1 exd4 29. Nxd4 Nc6 30. Nb5+ Kc8 31. Ncd6+ Bxd6 32. Nxd6+ Kc7 33. Nb5+ Kc8 34. Rd2 Ra5 35. Nd4 Re5 36.
Ke3 Kc7 37. Ra1 Rae8 38. Nxc6 bxc6 39. Rd4 c5 40. Rc4 Bf7 41. b3 Bxc4 42. bxc4 f5 43.
Kf4 fxe4 44. a5 e3 45. axb6+ Kxb6 46. Re1 e2 47. Kf3 Re3+ 48. Kf2 Rxc3 49. Bg6 Ree3 50.
Bxh5 Ka5 51. Bxe2 Kb4 52. g4 Rxh3 53. Rb1+ Ka3 54. Rb5 Rh2+ 55. Ke1 Rc1+ 56. Kd2 Ra1 57. Kc3 1-0

[Event "*** Titled Tuesday Blitz"]
[Site "Chess.com"]
[Date "2020.05.05"]
[Round "7"]
[White "cassoulet"]
[Black "UmutErdemGunduz"]
[Result "1-0"]
[WhiteElo "2598"]
[BlackElo "2414"]
[TimeControl "180+1"]
[EndTime "11:19:01 PDT"]
[Termination "cassoulet won on time"]

1. e4 e5 2. Nf3 Nc6 3. Bb5 a6 4. Bxc6 dxc6 5. O-O Bd6 6. d4 exd4 7. Qxd4 f6 8. Re1 Be6 9. Nc3 Ne7 10. e5 fxe5 11.
Nxe5 O-O 12. Bg5 h6 13. Bxe7 Qxe7 14. Ng6 Qd7 15. Rad1 Rf6 16. Ne5 Qe8 17. Ne4 Rf4 18. Nd3 Rg4 19. h3 Rd8 20. Qe3 Rg6 21. Nxd6 Rxd6 22. Nf4 Rxd1 23. Rxd1 Rf6 24. Re1 Kf7 25. Nd3 Bd7 26. Qd4 Re6 27. Ne5+ Kg8 28. Re3 Bc8 29. f4 Rd6 30. Qc4+ Be6 31. Qe2 Bd5 32. Nc4 Re6 33. Ne5 c5 34. c4 Bc6 35. b3 b6 36.
Kf2 Bb7 37. f5 Rf6 38. g4 h5 39. Ng6 Qd7 40. Re8+ Qxe8 41. Qxe8+ 1-0

[Event "*** Titled Tuesday Blitz"]
[Site "Chess.com"]
[Date "2020.05.05"]
[Round "7"]
[White "dragos420"]
[Black "dpopadic"]
[Result "1-0"]
[WhiteElo "2511"]
[BlackElo "2354"]
[TimeControl "180+1"]
[EndTime "11:19:01 PDT"]
[Termination "dragos420 won on time"]

1. e4 c5 2. Nf3 Nc6 3. Bb5 g5 4. Nxg5 Nf6 5. d3 Nd4 6. Bc4 d5 7. exd5 b5 8. Bb3 Rg8 9. Nc3 h6 10. Nge4 Nxb3 11. axb3 Nxd5 12. Nxd5 Qxd5 13. Qe2 Rg6 14.
Be3 e6 15. O-O Bb7 16. f3 Be7 17. c4 bxc4 18. bxc4 Qc6 19. Ra5 f5 20. Nxc5 Bc8 21. Nb3 f4 22. Bxf4 Qb6+ 23. Kh1 Qxb3 24. Qe4 Kf7 25.
Qxa8 Bb7 26. Qxa7 Qxb2 27. Qf2 Qb4 28. Rb5 Qa4 29. Rxb7 Qa6 30. Ra7 Qc6 31. Raa1 Kg8 32. Rae1 Qd7 33. Qe3 Kh7 34. Qe4 Kg7 35. Be5+ Kf7 36.
Bg3 Kg7 37. f4 Rf6 38. f5 1-0

[Event "*** Titled Tuesday Blitz"]
[Site "Chess.com"]
[Date "2020.05.05"]
[Round "7"]
[White "kreonx"]
[Black "AcsinteMatei"]
[Result "1-0"]
[WhiteElo "2230"]
[BlackElo "2378"]
[TimeControl "180+1"]
[EndTime "11:19:01 PDT"]
[Termination "kreonx won by checkmate"]

1. e4 c6 2. d4 d5 3. exd5 cxd5 4. Bd3 g6 5. Nf3 Bg7 6. O-O Nc6 7. c3 Bg4 8. h3 Bxf3 9. Qxf3 e6 10. Re1 Nge7 11. Bf4 O-O 12. Na3 f6 13. Rxe6 Qd7 14. Rd6 Qc8 15.
Re1 Re8 16. Rde6 Ne5 17. R6xe5 fxe5 18. Bxe5 Rf8 19. Qe2 Nf5 20. Bc2 Re8 21. Bb3 Bxe5 22. Bxd5+ Kg7 23. dxe5 Qc5 24. c4 Re7 25. Kh2 Rf8 26.
e6 Kg8 27. Nc2 Ng7 28. Ne3 Kh8 29. Ng4 h5 30. Ne5 Kh7 31. Qe4 Rf5 32. f3 Nxe6 33. Nxg6 Kxg6 34. Bxe6 Rxe6 35. Qxe6+ Rf6 36. Qg8+ Kf5 37. g4+ Kf4 38. Rf1 Ke3 39. Qe8+ Kd2 40. Qe1+ Kc2 41. Qe2# 1-0

[Event "*** Titled Tuesday Blitz"]
[Site "Chess.com"]
[Date "2020.05.05"]
[Round "7"]
[White "Savagelittlemole"]
[Black "Nafania1"]
[Result "0-1"]
[WhiteElo "2566"]
[BlackElo "2414"]
[TimeControl "180+1"]
[EndTime "11:19:03 PDT"]
[Termination "Nafania1 won on time"]

1. e4 e6 2. d4 d5 3. Nd2 Be7 4. c3 c5 5. Ngf3 Nf6 6. e5 Nfd7 7. Bd3 Nc6 8. O-O a5 9. Re1 cxd4 10. cxd4 a4 11. Nf1 a3 12. b3 Nb4 13.
Bb5 Qb6 14. Qe2 O-O 15. Ne3 Nb8 16. Bd2 Bd7 17. Bxd7 Nxd7 18. Bxb4 Bxb4 19. Rec1 Rac8 20. Rc2 Nb8 21. Rac1 Rxc2 22. Qxc2 Nc6 23. Qd3 Be7 24. h3 h6 25. Nd1 Nb4 26. Qd2 Qa6 27. Ne1 Nc6 28.
Nc3 Bb4 29. Qe3 Qb6 30. Nf3 Rc8 31. Na4 Qa7 32. Nc3 Qa5 33. Ne2 Rc7 34. g4 Ne7 35. Rxc7 Qxc7 36. Qd3 Qc6 37. Kg2 Qa6 38. Qxa6 bxa6 39.
Nfg1 g5 40. Ng3 Nc6 41. N1e2 Na7 42. Nh5 Nb5 43. Nf6+ Kf8 44. Nd7+ Ke7 45. Nb6 Bc3 46. Nxc3 Nxc3 47. Nc8+ Kf8 0-1

[Event "*** Titled Tuesday Blitz"]
[Site "Chess.com"]
[Date "2020.05.05"]
[Round "7"]
[White "Andrei_Belozerov"]
[Black "PotapovaM"]
[Result "1-0"]
[WhiteElo "2580"]
[BlackElo "2388"]
[TimeControl "180+1"]
[EndTime "11:19:03 PDT"]
[Termination "Andrei_Belozerov won by resignation"]

1. e4 c5 2. Nf3 d6 3. d4 cxd4 4. Nxd4 Nf6 5. Nc3 a6 6. Be3 e5 7. Nb3 Be6 8. f3 h5 9. Nd5 Bxd5 10. exd5 Nbd7 11. Qd2 g6 12. Be2 Bg7 13. O-O b6 14. c4 O-O 15. Rae1 a5 16. Na1 Nc5 17. Nc2 Kh7 18. Na3 Ng8 19. Nb5 Bh6 20. f4 e4 21.
f5 Qe7 22. Nd4 Rae8 23. Nc6 Qd7 24. Rf2 Bxe3 25. Qxe3 Nh6 26. fxg6+ fxg6 27. Ref1 Nf5 28. Qg5 Qg7 29. Bxh5 Nd3 30. Bxg6+ Qxg6 31. Rxf5 Qxg5 32. Rxg5 e3 33. Nd4 Rxf1+ 34. Kxf1 Nxb2 35. Ne6 Nxc4 36. Ke2 b5 37. Rg7+ Kh8 38. Rb7 b4 39. g4 Rc8 40.
g5 Ra8 41. g6 a4 42. Rxb4 a3 43. Rxc4 1-0

[Event "*** Titled Tuesday Blitz"]
[Site "Chess.com"]
[Date "2020.05.05"]
[Round "7"]
[White "penguingm1"]
[Black "PaulfromSPb"]
[Result "1-0"]
[WhiteElo "2833"]
[BlackElo "2622"]
[TimeControl "180+1"]
[EndTime "11:19:04 PDT"]
[Termination "penguingm1 won by resignation"]

1. d4 Nf6 2. c4 e6 3. Nc3 Bb4 4. Qc2 O-O 5. Nf3 Re8 6. Bg5 c5 7. dxc5 h6 8. Bh4 Bxc5 9. e3 Nc6 10. Be2 a6 11. O-O Be7 12. Rfd1 d6 13. a3 Qc7 14. b4 b6 15. Nd5 exd5 16. cxd5 Nxd5 17.
Rxd5 Be6 18. Rd2 Rac8 19. Bxa6 Ra8 20. Bb5 Rec8 21. Qxc6 Qxc6 22. Bxc6 Bxh4 23. Bxa8 Bf6 24. Bb7 Rc7 25. Rad1 Rxb7 26. Rxd6 b5 27. Nd4 Bc4 28. Nc6 Rc7 29. Na5 Be6 30. Rc6 Re7 31. Rc5 Bb2 32.
Rxb5 Bxa3 33. Rb8+ Kh7 34. b5 Ra7 35. Nc6 Rc7 36. h3 Bc5 37. Nd4 Rd7 38. b6 Rd6 39. b7 Rd7 40. Rh8+ Kxh8 41. b8=Q+ Kh7 42. Qb1+ g6 43.
Nxe6 1-0

[Event "*** Titled Tuesday Blitz"]
[Site "Chess.com"]
[Date "2020.05.05"]
[Round "7"]
[White "Vuk2000"]
[Black "adriangschnitzer"]
[Result "1-0"]
[WhiteElo "2641"]
[BlackElo "2441"]
[TimeControl "180+1"]
[EndTime "11:19:04 PDT"]
[Termination "Vuk2000 won on time"]

1. d4 Nf6 2. Bg5 Ne4 3. Bf4 c5 4. f3 Qa5+ 5. c3 Nf6 6. d5 d6 7. e4 g6 8. Nd2 Bg7 9. Nc4 Qc7 10. a4 O-O 11. Be2 b6 12. Qd2 Ba6 13. Nh3 Nbd7 14.
Nxd6 exd6 15. Bxa6 Rfe8 16. O-O Nh5 17. Bh6 Ne5 18. Rae1 Qe7 19. Bb5 Rf8 20. Bxg7 Kxg7 21. f4 Ng4 22. Be2 Ngf6 23. e5 dxe5 24. Bxh5 Nxh5 25.
fxe5 Rad8 26. g4 Qh4 27. Qg2 Rxd5 28. Qxd5 Qxg4+ 29. Qg2 Qxa4 30. Re4 Qa2 31. Rh4 Kh8 32. Ng5 f5 33. e6 f4 34. Nf7+ Rxf7 35. exf7 Qxf7 36.
Qg5 f3 37. Qe5+ Kg8 38. Rxh5 gxh5 39. Qg3+ Kh8 40. Rxf3 Qe8 41. h3 h4 42. Qf4 1-0

[Event "*** Titled Tuesday Blitz"]
[Site "Chess.com"]
[Date "2020.05.05"]
[Round "7"]
[White "karinachess1"]
[Black "Danfii"]
[Result "1/2-1/2"]
[WhiteElo "2477"]
[BlackElo "2347"]
[TimeControl "180+1"]
[EndTime "11:19:04 PDT"]
[Termination "Game drawn by repetition"]

1. e4 e5 2. Nf3 Nc6 3. Bb5 Nf6 4. O-O Nxe4 5. Re1 Nd6 6. Nxe5 Be7 7. Bf1 Nxe5 8. Rxe5 O-O 9. d4 Bf6 10. Re1 Re8 11.
c3 Rxe1 12. Qxe1 Nf5 13. d5 d6 14. Bd3 g6 15. Nd2 Bd7 16. Nf3 Qe7 17. Qxe7 Nxe7 18. Bc4 a5 19. a4 Re8 20. Bd2 Nc8 21. Be3 Kg7 22. h3 Ne7 23. Kf1 Nf5 24. Bd2 Re4 25.
Bb3 b6 26. Bc2 Re8 27. Bd1 Ne7 28. Bb3 Nf5 29. Bd1 Nh4 30. Nxh4 Bxh4 31. Bb3 Bf6 32. Re1 Rxe1+ 33. Kxe1 h5 34. Ke2 Be5 35. f4 Bf6 36. Kf3 Kf8 37. g4 hxg4+ 38. hxg4 Ke7 39. Bc2 Bg7 40. Be3 Bf6 41. Bf2 Bg7 42. Bh4+ Bf6 43. Bf2 Bc8 44. Be3 Bb7 45. Be4 Bg7 46. Bf2 Bf6 47. Be1 Bg7 48. Bh4+ Bf6 49. Be1 Bg7 50.
Bf2 Bf6 51. Be1 1/2-1/2

[Event "*** Titled Tuesday Blitz"]
[Site "Chess.com"]
[Date "2020.05.05"]
[Round "7"]
[White "MiroVlasenko"]
[Black "youngKID"]
[Result "0-1"]
[WhiteElo "2578"]
[BlackElo "2786"]
[TimeControl "180+1"]
[EndTime "11:19:05 PDT"]
[Termination "youngKID won by resignation"]

1. e4 e5 2. Nc3 Nc6 3. Bc4 Nf6 4. d3 Na5 5. Nge2 d6 6. Bg5 Be7 7. Ng3 h6 8. Be3 Ng4 9. Bd2 c6 10. f3 Nf6 11. Qe2 O-O 12. Bb3 b5 13. O-O Re8 14. f4 Bf8 15. fxe5 dxe5 16. Nf5 Nb7 17. Rf3 a5 18. Raf1 Bxf5 19. Rxf5 a4 20. Rxf6 axb3 21. Rxf7 Nd6 22. R7f2 bxa2 23. Ra1 b4 24. Nxa2 Nb5 25.
Qh5 Bc5 26. Rf1 Rxa2 27. Qf7+ Kh7 28. Qxa2 Rf8 29. Qc4 Qb6 30. Be1 Nd6 31. Qe6 Nb5 32. Qxe5 Bd4 33. Qe6 Qc5 34. c4 bxc3 35. bxc3 Nxc3 36.
g4 Nd1 37. Kg2 Nxf2 38. h4 Qc2 39. h5 Nxd3+ 40. Kh3 Rxf1 41. Qg6+ Kg8 42. Qe6+ Rf7 43. Qe8+ Rf8 0-1

[Event "*** Titled Tuesday Blitz"]
[Site "Chess.com"]
[Date "2020.05.05"]
[Round "7"]
[White "diskeleven"]
[Black "Unknown_IM"]
[Result "0-1"]
[WhiteElo "2355"]
[BlackElo "2516"]
[TimeControl "180+1"]
[EndTime "11:19:05 PDT"]
[Termination "Unknown_IM won on time"]

1. d4 Nf6 2. c4 c5 3. d5 e6 4. Nc3 exd5 5. cxd5 d6 6. Nf3 g6 7. Nd2 Bg7 8. Nc4 O-O 9. e4 b5 10. Nxb5 Nxe4 11. Bd3 Re8 12. O-O Ba6 13. a4 Bxb5 14. axb5 Nd7 15. Re1 Nef6 16. Rxe8+ Nxe8 17. Bf4 Nb6 18. Na5 Nxd5 19. Nc6 Qf6 20. Bg3 Qxb2 21.
Rxa7 Rxa7 22. Nxa7 Bd4 23. Nc6 Nef6 24. h3 Nc3 25. Qf1 d5 26. Ne5 Nfe4 27. Bf4 Nxf2 28. Kh2 Nce4 29. Nc6 Bf6 30. Be2 c4 31. Be3 c3 32. b6 c2 33. b7 Qxb7 34. Nd4 Qc7+ 35. Kg1 Bxd4 36. Bc1 Qg3 0-1

[Event "*** Titled Tuesday Blitz"]
[Site "Chess.com"]
[Date "2020.05.05"]
[Round "7"]
[White "Morshynska"]
[Black "The_Machine04"]
[Result "0-1"]
[WhiteElo "2120"]
[BlackElo "2296"]
[TimeControl "180+1"]
[EndTime "11:19:05 PDT"]
[Termination "The_Machine04 won by resignation"]

1. e4 d6 2. d4 Nf6 3. Nc3 e5 4.
Nge2 Nc6 5. f3 g6 6. Be3 Bg7 7. Qd2 O-O 8. g4 exd4 9. Nxd4 Nxd4 10. Bxd4 Re8 11. O-O-O a6 12. h4 h5 13. Bxf6 Qxf6 14. gxh5 gxh5 15. Rg1 Kh8 16. Rg5 Bh6 17. Nd5 Bxg5 18.
hxg5 Qxf3 19. g6 Kg7 20. Bg2 Qg3 21. gxf7 Kxf7 22. Rf1+ Kg7 23. Rf3 Qg6 24. Qd4+ Re5 25. Bf1 Bg4 26. Rf2 Rf8 27. Rxf8 Kxf8 28. Bd3 Qg5+ 29.
Kb1 Be6 30. a4 Bxd5 31. exd5 Ke7 32. c4 h4 33. c5 Rxd5 34. cxd6+ cxd6 35. Qe4+ Re5 36. Qxb7+ Kf6 37. Bc4 Re7 38. Qd5 Qxd5 39. Bxd5 h3 0-1

[Event "*** Titled Tuesday Blitz"]
[Site "Chess.com"]
[Date "2020.05.05"]
[Round "7"]
[White "Nikolaj_6"]
[Black "AvitalBor"]
[Result "0-1"]
[WhiteElo "2629"]
[BlackElo "2833"]
[TimeControl "180+1"]
[EndTime "11:19:06 PDT"]
[Termination "AvitalBor won by resignation"]

1. e4 e5 2. Nf3 Nc6 3. Bb5 a6 4. Ba4 Nf6 5. O-O b5 6. Bb3 Bb7 7. d3 Be7 8. a3 O-O 9. Nc3 Nd4 10. Nxd4 exd4 11. Ne2 d5 12. e5 Nd7 13. f4 c5 14. Ba2 Re8 15. Kh1 Bf8 16. b4 f6 17.
bxc5 fxe5 18. fxe5 Bxc5 19. Bb2 Qb6 20. Nf4 Rxe5 21.
Qf3 Nf6 22. c3 Kh8 23. cxd4 Bxd4 24. Bxd4 Qxd4 25. Rac1 Rae8 26. Qh3 Kg8 27. Qf3 Qb2 28. Rc7 Re3 29. Qd1 Qxa2 30. Rxb7 Qxa3 31. Nh5 Nxh5 32. Qxh5 Rf8 33. Rbf7 Ree8 34. Qxd5 Kh8 35. h3 Rxf7 36. Qxf7 Rg8 37. d4 Qd3 38. d5 b4 39. Rf3 Qd1+ 40.
Kh2 b3 41. d6 b2 42. d7 b1=Q 43. Qe8 Qb8+ 44. Rg3 Qxe8 0-1

[Event "*** Titled Tuesday Blitz"]
[Site "Chess.com"]
[Date "2020.05.05"]
[Round "7"]
[White "Natalya_Buksa"]
[Black "ChelsieMonica"]
[Result "1/2-1/2"]
[WhiteElo "2489"]
[BlackElo "2355"]
[TimeControl "180+1"]
[EndTime "11:19:06 PDT"]
[Termination "Game drawn by repetition"]

1. d4 Nf6 2. Nc3 d5 3. Bf4 e6 4.
e3 Bd6 5. Qf3 a6 6. Bd3 b5 7. Nge2 Nc6 8. O-O Nb4 9. a3 Nxd3 10.
cxd3 O-O 11. Ng3 Rb8 12. Bg5 Be7 13. Rad1 b4 14. axb4 Rxb4 15. Qe2 a5 16. Bxf6 Bxf6 17. Nh5 Be7 18. Qg4 g6 19. Ng3 Rxb2 20. Qf3 Ba6 21. Rfe1 Bb4 22. Nge2 Rxe2 23. Nxe2 Bxe1 24. Rxe1 Bxd3 25.
Nf4 Be4 26. Qe2 Qd6 27. f3 Bf5 28. g4 g5 29. gxf5 gxf4 30. f6 Kh8 31. Rb1 Rg8+ 32.
Kh1 Qd8 33. Rg1 Rxg1+ 34. Kxg1 Qxf6 35. Kf2 Qh4+ 36. Kf1 a4 37. e4 Qg5 38. exd5 Qxd5 39.
Qb2 Kg7 40. Qg2+ Kf6 41. h4 Ke7 42. Qb2 Qxf3+ 43. Kg1 Qg3+ 44. Kf1 Qh3+ 45. Kg1 Qxh4 46.
Qb4+ Kf6 47. d5 Qg3+ 48. Kf1 Qf3+ 49. Kg1 Qe3+ 50. Kf1 f3 51. Qh4+ Ke5 52. Qg3+ Kxd5 53. Qd6+ Ke4 54. Qe5+ Kd3 55. Qc3+ Ke4 56. Qe5+ Kd3 57.
Qc3+ Ke4 58. Qe5+ 1/2-1/2

[Event "*** Titled Tuesday Blitz"]
[Site "Chess.com"]
[Date "2020.05.05"]
[Round "7"]
[White "profofchess"]
[Black "Semen16"]
[Result "0-1"]
[WhiteElo "2441"]
[BlackElo "2332"]
[TimeControl "180+1"]
[EndTime "11:19:06 PDT"]
[Termination "Semen16 won by resignation"]

1. e4 e5 2. f4 d5 3. exd5 exf4 4. Nf3 Nf6 5. Be2 Nxd5 6. c4 Nf6 7. d4 c5 8. Nc3 cxd4 9. Qxd4 Qxd4 10. Nxd4 Bb4 11. Nb5 Bxc3+ 12. Nxc3 O-O 13. Bxf4 Nc6 14. O-O-O Be6 15.
Nd5 Ne4 16. Rhf1 Rac8 17. Kb1 h6 18. Bf3 Ng5 19. Be2 Rfe8 20. Bd3 Bg4 21. Rde1 Ne6 22.
Bg3 Rcd8 23. h3 Bh5 24. b3 Ne7 25. Nxe7+ Rxe7 26. Bf5 Rde8 27. Bh4 g5 28. g4 Bg6 29. Bg3 Nd4 30. Rxe7 Rxe7 31. Bxg6 fxg6 32. Kb2 Re2+ 33. Kc3 Nc6 34. Bd6 Rxa2 35. Rf8+ Kg7 36. Rc8 Rf2 37.
Rc7+ Kf6 38. Rxb7 Rf3+ 39. Kb2 Rxh3 40. Rc7 Nd4 41. Rxa7 Rxb3+ 42. Ka2 Rc3 43. c5 Nb5 44. Ra6 Nxd6 45. Rxd6+ Ke5 46. Rxg6 Rxc5 47. Rxh6 Kf4 48. Kb3 Kxg4 49. Kb4 Rc8 50. Rg6 Kf4 51. Kb5 g4 52.
Rf6+ Kg3 53. Rg6 Kf3 54. Kb6 g3 55. Kb7 Rc1 0-1